 Dungeon Crawl Stone Soup version 0.19.0-18-g426998a (webtiles) character file.

62 Madoushi the Grave Robber (level 3, -5/28 HPs)
             Began as a Deep Dwarf Necromancer on Nov 11, 2016.
             Was a Follower of Yredelemnul.
             Slain by Edmund
             ... wielding a +2 flail of draining
              (7 damage)
             ... on level 4 of the Dungeon.
             The game lasted 00:17:38 (1316 turns).

Madoushi the Grave Robber (Deep Dwarf Necromancer)  Turns: 1316, Time: 00:17:40

Health: -5/28      AC:  3    Str: 11    XL:     3   Next: 85%
Magic:  1/6        EV: 12    Int: 16    God:    Yredelemnul [*.....]
Gold:   63         SH:  0    Dex: 13    Spells: 2 memorised, 4 levels left

rFire  . . .     SeeInvis .     w - staff of conjuration
rCold  . . .     Gourm    .     j - +0 leather armour
rNeg   + . .     Faith    .     (no shield)
rPois  .         Spirit   .     (no helmet)
rElec  .         Reflect  .     (no cloak)
rCorr  .         Harm     .     (no gloves)
MR     +....                    (no boots)
Stlth  ++........               (no amulet)
                                B - ring of positive energy
                                d - ring of protection from magic

@: very slightly contaminated, non-regenerating, drained
A: damage resistance, recharge devices, sense surroundings 1, slow regeneration
3
a: Device Recharging, Animate Remains, Renounce Religion


You were on level 4 of the Dungeon.
You worshipped Yredelemnul.
Yredelemnul was aware of your devotion.
You were very full.

You visited 1 branch of the dungeon, and saw 4 of its levels.

You collected 63 gold pieces.

Inventory:

Hand Weapons
 k - a +0 dagger
 z - a +1 dagger of venom
 A - a +0 dagger
 E - a +0 short sword
 F - a +0 flail
Missiles
 e - 11 stones (quivered)
 n - 18 sling bullets
 p - 41 arrows
 u - 6 poisoned javelins
Armour
 a - a +0 robe
 g - a +0 ring mail
 j - a +0 leather armour (worn)
 q - a +0 leather armour
 r - a +0 robe
 v - a +0 robe
Magical Staves
 w - an uncursed staff of conjuration (weapon)
Jewellery
 d - a ring of protection from magic (left hand)
 B - a ring of positive energy (right hand)
Wands
 c - a wand of heal wounds (3/9)
Scrolls
 h - a scroll of enchant weapon {unknown}
 i - 2 scrolls of teleportation {unknown}
 l - 2 scrolls of recharging {unknown}
 m - a scroll of remove curse {unknown}
 o - a scroll of identify {unknown}
 y - a scroll of fog {unknown}
Potions
 s - a potion of curing {unknown}
 t - a potion of might {unknown}
 D - a potion of heal wounds {unknown}
 G - a potion of agility {unknown}
Books
 b - a book of Necromancy

   Spells                             Type                      Level
   a - Pain                           Necromancy                   1
   b - Animate Skeleton               Necromancy                   1
   c - Vampiric Draining              Necromancy                   3
   d - Regeneration                   Charms/Necromancy            3
   e - Animate Dead                   Necromancy                   4
   f - Control Undead                 Necromancy                   4
Comestibles
 f - a meat ration
 x - 2 beef jerkies
 C - a bread ration


   Skills:
 + Level 0.1(0.0) Fighting
 + Level 0.1(0.0) Staves
 + Level 0.9(0.2) Armour
 + Level 2.9(2.2) Dodging
 + Level 2.8(2.1) Stealth
 + Level 2.4(1.7) Spellcasting
 + Level 4.7(3.9) Necromancy


You had 4 spell levels left.
You knew the following spells:

 Your Spells              Type           Power        Failure   Level  Hunger
a - Pain                  Necr           ##..         8%          1    ##.....
b - Animate Skeleton      Necr           N/A          8%          1    ##.....


Dungeon Overview and Level Annotations

Branches:
Dungeon (4/15)
 Temple: D:4-7

Altars:
Yredelemnul

Annotations:
D:4 Edmund


Innate Abilities, Weirdness & Mutations

You are resistant to damage.
You can recharge devices by infusing magical energy.
You passively map a small area around you.
You do not regenerate.


Message History

You barely miss Edmund.
Edmund is severely wounded.
Edmund hits you with a flail of draining!
You partially resist.
You feel drained.
You hit Edmund.
Edmund is severely wounded.
Edmund barely misses you.
You hit Edmund but do no damage.
Edmund is severely wounded.
Edmund hits you with a flail of draining!
* * * LOW HITPOINT WARNING * * *
You partially resist.
You feel drained.
You barely miss Edmund.
Edmund is severely wounded.
Edmund hits you with a flail of draining!
* * * LOW HITPOINT WARNING * * *
You partially resist.
You feel drained.
Edmund hits you with a flail of draining!
You die...
Your body rises from the dead as a mindless zombie.

* ,* * * , ,, *
* ##### ## ** ,
,.... .###., *
#..###.... ,
#####...#..###
,
,.......@.....#
* * *
#######@.###.#
* ≈ ≈ * #..# ,
.(.######..# ,
, ,
........#..##*
,
...####.....#*
## * ≈≈ *
###.#.#,,.. , *
* #.#.# .# **
#.#.#..#### ,


You could see Edmund.

Vanquished Creatures
  4 adders
  A dart slug (D:1)
  3 giant cockroaches (D:1)
  A goblin (D:2)
  2 hobgoblins
  3 jackals (D:1)
  A ball python (D:1)
  3 bats
  2 frilled lizards (D:2)
  4 kobolds
  3 rats
27 creatures vanquished.

Vanquished Creatures (collateral kills)
  A hobgoblin (D:2)
1 creature vanquished.

Grand Total: 28 creatures vanquished

Notes
Turn   | Place    | Note
-------+----------+-------------------------------------------
     0 | D:1      | Madoushi the Deep Dwarf Necromancer began the quest for the Orb.
     0 | D:1      | Reached XP level 1. HP: 15/15 MP: 3/3
   189 | D:1      | Reached XP level 2. HP: 14/22 MP: 0/4
   749 | D:2      | Reached XP level 3. HP: 28/28 MP: 2/6
   841 | D:2      | Found a faded altar of an unknown god.
   914 | D:2      | Became a worshipper of Yredelemnul the Dark
   914 | D:2      | Reached * piety under Yredelemnul
   930 | D:2      | Learned a level 1 spell: Animate Skeleton
  1268 | D:4      | Noticed Edmund
  1316 | D:4      | Slain by Edmund

Skill      XL: |  1  2 |
---------------+-------+-----
Spellcasting   | 2 |  2.4
Fighting       | |  0.1
Staves         | |  0.1
Armour         | |  0.9
Dodging        | |  2.9
Stealth        | |  2.8
Necromancy     | |  4.7

Action                   || total
-------------------------++-------
Melee: Unarmed           ||    16
       Dagger            ||     9
       Staff             ||    22
Throw: Stone             ||     2
 Cast: Pain              ||    39
       Animate Skeleton  ||     3
Evoke: Wand              ||     2
  Use: Potion            ||     1
  Eat: Bread ration      ||     1
       Meat ration       ||     1
Armor: Robe              ||    68
       Leather armour    ||    11
Dodge: Dodged            ||   228
